Yev-Ruu, chaotic female vampiric Convict ------------------ ................ ............. ........... _....... ..... | | --- --- --- --- --- --- --- --- --- --- --- --- --------------..----- |...................................................................._....%| |..............................^.......................................@...| ---- --- --- --- --- --- --- --- --- --- --- --- --- --- |...........@)^...| |........%.s...@..| |................#| ------------------- Yev-Ruu the Prisoner Experience level: 11 Strength: 15 Dexterity: 14 Constitution: 18 Intelligence: 13 Wisdom: 11 Charisma: 9 Health: 0(111) Energy: 55(55) AC: 7 Gold: 1602 Moves: 8610 Your Inventory: Coins $ - 1602 gold pieces Armor a - an [uncursed] +0 pair of walking shoes [low] (being worn) b - an uncursed +0 striped shirt (being worn) L - an [uncursed] +0 slippery cloak [oilskin] (being worn) V - an [uncursed] +0 iron skull cap [orcish helm] (being worn) Scrolls U - 2 [uncursed] scrolls of create monster Potions W - 2 [uncursed] potions of extra healing Rings Z - a [cursed -1] ring of gain wisdom Wands I - an [uncursed] wand of digging [0:7] J - an [uncursed] wand of create monster [0:10] X - an [uncursed] wand of fire [0:3] Tools f - an [uncursed] bag called Hol' up [of holding] P - an [uncursed] towel Gems e - an [uncursed] black gem [worthless glass] g - an [uncursed] yellowish brown gem [worthless glass] h - an [uncursed] gem called Real [worthless glass] Iron balls c - an [uncursed] heavy iron ball (weapon in hand) Contents of the bag of holding: an [uncursed] wand of light [0:11] an [uncursed] wand of make invisible [0:4] an [uncursed] wand of make invisible [0:4] an [uncursed] wand of make invisible [0:5] an [uncursed] wand of sleep [0:5] an [uncursed] wand of slow monster [0:4] Spells known in the end: Name Level Category Fail Memory a - cause fear 3 enchantment 100% [||||||..] b - magic missile 2 attack 57% [||||||..] c - sleep 1 enchantment 43% [||||||..] Your skills at the end: Fighting Skills Weapon Skills flail [Skilled / Expert] sling [Basic / Skilled] Spellcasting Skills Final Attributes: You were piously aligned. Hunger level was 197. Your alignment was 53 / 53. Monster difficulty range was 2 - 13. Level difficulty was 15. You were immune to poison. You were immune to level-drain. You were immune to sickness. You were invisible. You could fly. You could survive without air. You regenerated. Your luck was zero. You are dead. Vanquished creatures: 33 black puddings a giant mimic a giant mummy 7 wargs a rodent of unusual size a xan a quantum mechanic 5 trolls a giant turtle a flaming sphere a dwarf king an ochre jelly 5 ettin zombies a leather golem an incubus 2 giant beetles 2 wolves 2 panthers a leprechaun an iron piercer 3 giant spiders a black light 2 gnome kings a rust monster 2 owlbears 2 lizards a dingo a housecat a jaguar a dwarf lord a blue jelly a gray unicorn 2 dust vortices a snake 4 apes a rope golem 5 fire ants 6 bugbears 7 Uruk-hai 4 rock piercers 2 ponies 4 yellow lights a violet fungus 2 gnome lords a kobold mummy a barrow wight a wax golem 3 giant ants a kitten 4 dwarves 2 kobold lords 3 kobold shamans a hill orc 13 rothes 2 centipedes 2 Kop Sergeants 2 orc zombies 3 dwarf zombies a werejackal 2 iguanas 2 killer bees 4 acid blobs a gas spore 3 hobbits 5 hobgoblins 4 cave spiders 3 brown molds a yellow mold 14 gnomes 7 Keystone Kops 5 gnome zombies 6 geckos 10 jackals a fox a kobold 2 goblins 7 grid bugs a lichen a kobold zombie 7 newts 252 creatures vanquished. Voluntary challenges: You went without food. You never hit with a wielded weapon. You read items or engraved 16 times. You put on armor 14 times. You never genocided any monsters. You never polymorphed an object. You never changed form. You used no wishes. You abstained from Elbereth's help. You never encountered a bones level. You never used any Sokoban shortcuts. Dungeon overview: The Dungeons of Doom: levels 1 to 15 Level 1 a long staircase Level 2 (You can only killsplit a pudding eight times in dynahack) a sink Level 3 (Told you) a general store, a fountain, a sink stairs to The Gnomish Mines Level 4 a general store, an altar Level 6 a fountain Level 7 a general store Level 8 many fountains Level 9 a fountain stairs to Sokoban Level 10 a scroll shop, a fountain stairs to Town Level 12 a fountain, a sink Level 14 a fountain Level 15 (Watch out polytrap) a throne portal to The Quest The Gnomish Mines: Level 4 (Peaceful unicorn for harvesting) stairs to The Dungeons of Doom The Quest: Level 1 <- You were here a sink portal to The Dungeons of Doom Sokoban: Level 8 a magic chest stairs to The Dungeons of Doom Town: Level 9 stairs to The Dungeons of Doom History has recorded: On T:1 you entered the Dungeons of Doom to retrieve the Amulet of Yendor! On T:352 you reached level 2 of The Dungeons of Doom. On T:626 you advanced to experience level 2. On T:906 you advanced to experience level 3. On T:933 you advanced to experience level 4. On T:937 you advanced to experience level 5. On T:943 you advanced to experience level 6. On T:957 you advanced to experience level 7. On T:1029 you reached level 3 of The Dungeons of Doom. On T:1458 you advanced to experience level 8. On T:1594 you reached level 1 of The Gnomish Mines. On T:2388 you reached level 4 of The Dungeons of Doom. On T:2776 you reached level 5 of The Dungeons of Doom. On T:3082 you advanced to experience level 9. On T:3191 you reached level 6 of The Dungeons of Doom. On T:3757 you reached level 7 of The Dungeons of Doom. On T:4213 you reached level 8 of The Dungeons of Doom. On T:4571 you reached level 9 of The Dungeons of Doom. On T:5440 you reached level 10 of The Dungeons of Doom. On T:5745 you reached level 3 of Town. On T:5776 you advanced to experience level 10. On T:6067 you reached level 3 of Sokoban. On T:6173 you reached level 11 of The Dungeons of Doom. On T:6453 you reached level 12 of The Dungeons of Doom. On T:6978 you reached level 13 of The Dungeons of Doom. On T:7014 you advanced to experience level 11. On T:7313 you reached level 14 of The Dungeons of Doom. On T:7669 you reached level 15 of The Dungeons of Doom. On T:8580 you reached level 1 of The Quest. Latest messages: You bite the prison guard. A prison guard demands 5500 zorkmids to avoid re-arrest. You refuse. "I said 5500!" The prison guard swings her silver saber. The silver sears your flesh! The prison guard hits! The prison guard swings her silver saber. The silver sears your flesh! The prison guard hits! [HP-55=34] You stop for the inmate. The prison guard swings wildly and misses! (2x) [HP+2=36] The prison guard swings her silver saber. The silver sears your flesh! The prison guard hits! The prison guard swings her silver saber. The silver sears your flesh! The prison guard hits! You die... Final status: Goodbye Yev-Ruu the Convict... You died in The Quest on dungeon level 1 with 24020 points, and 1602 pieces of gold, after 8610 moves. You were level 11 with a maximum of 111 hit points when you died.